 Dungeon Crawl Stone Soup version 0.31-a0-620-gd1cbd99268 (webtiles) character file.

Game seed: 11548323760367588588

18626 knees the Protected (level 12, -11/110 HPs)
             Began as a Minotaur Fighter on Aug 23, 2023.
             Mangled by a black mamba (13 damage)
             ... led by a naga ritualist
             ... on level 3 of the Snake Pit.
             The game lasted 00:33:37 (10857 turns).

knees the Protected (Minotaur Fighter)             Turns: 10857, Time: 00:33:38

Health: -11/110    AC: 19    Str: 22    XL:     12   Next: 29%
Magic:  0/11       EV: 12    Int:  5    God:
Gold:   465        SH:  7    Dex: 20    Spells: 11/11 levels left

rFire   . . .        k - +6 whip "Jybui" {spect, rElec SInv}
rCold   . . .        c - +0 buckler
rNeg    . . .        E - +0 plate armour
rPois   .            (helmet restricted)
rElec   +            (no cloak)
rCorr   .            h - +2 pair of gloves "Tojull Maosu" {Regen+}
SInv    +            (no boots)
Will    .....        C - amulet of guardian spirit Stlth
                     I - +5 ring of evasion
HPRegen 1.18/turn    G - ring of the Real Monster {Fly rElec Dex+6}
MPRegen 0.12/turn

%: guardian spirit
@: lethally poisoned (-11 -> -11), weakened, flying, constricted
A: horns 2, retaliatory headbutt
a: no special abilities


You were on level 3 of the Snake Pit.
You visited 3 branches of the dungeon, and saw 13 of its levels.
You also visited: Sewer.

You collected 465 gold pieces.

Inventory:

Hand Weapons
 a - a +1 vampiric flail
 j - a +2 sling of flaming
 k - the +6 whip "Jybui" (weapon) {spect, rElec SInv}
   (You found it on level 4 of the Dungeon)

   rElec:     It insulates you from electricity.
   SInv:      It lets you see invisible.
Armour
 b - a +1 scale mail
 c - a +0 buckler (worn)
 h - the +2 pair of gloves "Tojull Maosu" (worn) {Regen+}
   (You found it on level 6 of the Dungeon)

   Regen+:    It increases your rate of health regeneration.
 t - an orb of guile
 B - a +1 chain mail
 E - a +0 plate armour (worn)
Jewellery
 e - an amulet of magic regeneration
 g - a ring of see invisible
 u - a ring of flight
 z - a ring of willpower
 C - an amulet of guardian spirit (around neck)
 G - the ring of the Real Monster (right hand) {Fly rElec Dex+6}
   (You found it on level 1 of the Lair of Beasts)

   [ring of flight]

   Dex+6:     It affects your dexterity (+6).
   rElec:     It insulates you from electricity.
   Fly:       It grants you flight.
 I - a +5 ring of evasion (left hand)
Talismans
 p - a blade talisman
Wands
 y - a wand of quicksilver (4)
 K - a wand of polymorph (1)
Scrolls
 i - 2 scrolls of enchant weapon
 l - 3 scrolls of identify {unknown}
 q - 2 scrolls of poison
 r - a scroll of vulnerability
 v - 5 scrolls of blinking
 x - a scroll of revelation
 D - 2 scrolls of enchant armour
Potions
 d - 3 potions of might
 f - a potion of cancellation
 m - 3 potions of haste {unknown}
 n - 3 potions of enlightenment {unknown}
 o - 2 potions of brilliance {unknown}
 s - 3 potions of resistance
 A - 2 potions of curing
 F - a potion of attraction {unknown}
 H - 2 potions of lignification {unknown}
 J - a potion of berserk rage {unknown}


   Skills:
 + Level 11.0 Fighting
 + Level 13.4 Maces & Flails
 + Level 13.9 Armour
 + Level 5.3 Dodging
 + Level 3.9 Stealth
 + Level 9.2 Shields


You had 11 spell levels left.
You didn't know any spells.
Your spell library contained the following spells:

 Spells                   Type           Power      Damage    Failure   Level
 Sandblast                Erth           0%         2d4       99%         1
 Cigotuvi's Dreadful Rot  Necr/Pois/Air  0%         N/A       100%        2
 Passwall                 Tmut/Erth      0%         N/A       100%        2
 Hailstorm                Conj/Ice       0%         3d3       100%        3
 Ignite Poison            Fire/Tmut/Pois 0%         N/A       100%        3
 Inner Flame              Hex/Fire       0%         N/A       100%        3
 Stone Arrow              Conj/Erth      0%         3d7       100%        3
 Flame Wave               Conj/Fire      0%         2d4       100%        4
 Sticky Flame             Conj/Fire      0%         2d3       100%        4
 Summon Ice Beast         Ice/Summ       0%         N/A       100%        4
 Freezing Cloud           Conj/Ice/Air   0%         6-21      100%        5
 Simulacrum               Ice/Necr       0%         N/A       100%        6


Dungeon Overview and Level Annotations

Branches:
Dungeon (8/15)             Temple (0/1) D:6            Lair (2/5) D:8
  Snake (3/4) Lair:2        Sewer (visited)
  Swamp: Lair:2-3    Shoals: Lair:2-3

Altars:
Fedhas
Nemelex Xobeh
Qazlal
Sif Muna
Trog
Yredelemnul

Shops:
D:4 *

Annotations:
D:3 Grinder
D:8 1 runed translucent door
Lair:2 Amaemon, Harold


Innate Abilities, Weirdness & Mutations

You have a pair of horns on your head.
You reflexively headbutt those who attack you in melee.


Message History

You are poisoned.
The black mamba poisons you! The mana viper closely misses you.
You furiously retaliate!
You headbutt the mana viper!
An anaconda comes into view.
A naga ritualist comes into view. It is wielding a +0 dire flail.
You feel very sick.
The anaconda hisses angrily.
The black mamba attacks as it pursues you!
The black mamba misses you. You furiously retaliate!
You headbutt the black mamba! The anaconda grabs you.
The anaconda closely misses you. The anaconda constricts you.
* * * LOW HITPOINT WARNING * * *
The black mamba barely misses you.
The anaconda bites you but does no damage.
The anaconda constricts you. The naga mage casts a spell at you.
The bolt of poison misses you.
The naga ritualist moves out of view.
You escape the anaconda's grasp.
You feel sick.
The naga mage gestures wildly while chanting.
The naga mage seems to speed up.
Unknown command.
You feel sick. The anaconda closely misses you. The anaconda bites you!
* * * LOW HITPOINT WARNING * * *
You feel sick. The anaconda grabs you. The anaconda bites you.
* * * LOW HITPOINT WARNING * * *
The anaconda constricts you. The black mamba misses you.
The anaconda bites you.
* * * LOW HITPOINT WARNING * * *
The anaconda constricts you.
The naga ritualist prays to its god.
The naga ritualist begins to radiate toxic energy.
* * * LOW HITPOINT WARNING * * *
You are more poisoned.
Unknown command.
Unknown command.
You whack the black mamba! Your headbutt misses the black mamba.
The black mamba is lightly wounded.
Your +6 whip "Jybui" {spect, rElec SInv} hits the black mamba.
You feel sick. The black mamba bites you!
You die...

## #.. #.. ..
##..## #.#
##..$..######..#
...............#
........=...N.#
.......(.N...#
#..@SS.##
###SSS..##
##SS...###
#.......##.N
#........N..
#...........
#............
##..........#
#...#.....##


You could see 3 anacondas, a naga ritualist (toxic aura), 2 mana vipers, 2 black
mambas, a naga mage (fast) and a friendly +6 whip "Jybui" {spect, rElec SInv}.

Vanquished Creatures
  2 naga warriors
  2 shock serpents (Snake:3)
  A naga ritualist (Snake:2)
  3 mana vipers (Snake:2)
  A salamander (Snake:1)
  6 black mambas
  A guardian serpent (Snake:2)
  A naga mage (Snake:2)
  3 cane toads
  6 komodo dragons
  5 blink frogs (Lair:1)
  A wyvern (Snake:1)
  26 yaks
  A wraith (D:8)
  A basilisk (Lair:1)
  A steam dragon (D:6)
  7 nagas
  Edmund (D:5)
  5 water moccasins
  Duvessa (D:6)
  A sky beast (D:7)
  2 black bears
  An orc warrior (D:8)
  An ice beast (D:8)
  A phantom (D:4)
  A centaur (D:8)
  Blork the orc (D:6)
  9 bullfrogs
  2 scorpions
  8 killer bees (D:8)
  Dowan (D:6)
  A howler monkey (D:8)
  3 electric eels (Lair:1)
  An orc priest (D:6)
  6 hounds
  3 iguanas
  Natasha (D:3)
  4 orc wizards
  Robin (D:3)
  4 adders
  A shadow imp (D:7)
  2 white imps (D:8)
  2 dart slugs
  2 worms (D:2)
  23 orcs
  10 ball pythons
  A bat (D:3)
  12 endoplasms
  15 giant cockroaches
  13 goblins
  10 hobgoblins
  12 quokkas
  6 frilled lizards
  10 kobolds
  5 rats
251 creatures vanquished.

Vanquished Creatures (others)
  A naga (Snake:2)
1 creature vanquished.

Grand Total: 252 creatures vanquished

Notes
Turn   | Place    | Note
-------+----------+-------------------------------------------
     0 | D:1      | knees the Minotaur Fighter began the quest for the Orb.
     0 | D:1      | Reached XP level 1. HP: 19/19 MP: 0/0
   109 | D:1      | Found a faded altar of an unknown god.
   248 | D:1      | Reached XP level 2. HP: 27/27 MP: 1/1
   935 | D:2      | Reached XP level 3. HP: 29/33 MP: 2/2
  1261 | D:2      | Found a stormy altar of Qazlal.
  1951 | D:3      | Reached XP level 4. HP: 41/41 MP: 3/3
  2117 | D:3      | Noticed Grinder
  2143 | D:3      | Paralysed by Grinder for 3 turns
  2248 | D:3      | Noticed Robin
  2267 | D:3      | Killed Robin
  2268 | D:3      | Reached skill level 1 in Dodging
  2475 | D:3      | Reached XP level 5. HP: 47/47 MP: 4/4
  2571 | D:3      | Noticed Natasha
  2576 | D:3      | Killed Natasha
  2626 | D:4      | Identified the +6 whip "Jybui" {spect, rElec SInv}
  2714 | D:4      | Noticed a phantom
  2729 | D:4      | Killed a phantom
  2730 | D:4      | Reached skill level 5 in Maces & Flails
  2760 | D:4      | Found Mobbon's Lightly-Used Armoury.
  2874 | D:4      | Noticed a black bear
  2882 | D:4      | Killed a black bear
  2883 | D:4      | Reached skill level 5 in Fighting
  2883 | D:4      | Reached skill level 5 in Armour
  2883 | D:4      | Reached XP level 6. HP: 33/56 MP: 5/5
  3448 | D:5      | Entered Level 5 of the Dungeon
  3751 | D:5      | Noticed Edmund
  3776 | D:5      | Killed Edmund
  3777 | D:5      | Reached XP level 7. HP: 32/61 MP: 6/6
  4168 | D:6      | Found a glowing drain.
  4178 | Sewer    | Entered a sewer
  4849 | D:6      | Noticed Blork the orc
  4867 | D:6      | Killed Blork the orc
  4868 | D:6      | Reached XP level 8. HP: 53/70 MP: 7/7
  4977 | D:6      | Reached skill level 5 in Shields
  5407 | D:6      | Noticed Duvessa
  5425 | D:6      | Killed Duvessa
  5425 | D:6      | Noticed Dowan
  5438 | D:6      | Killed Dowan
  5439 | D:6      | Reached skill level 1 in Stealth
  5696 | D:6      | Identified the +2 pair of gloves "Tojull Maosu" {Regen+}
  5753 | D:6      | Reached XP level 9. HP: 58/78 MP: 8/8
  6016 | D:6      | Found a staircase to the Ecumenical Temple.
  6429 | D:7      | Found a sparkling altar of Nemelex Xobeh.
  6434 | D:7      | Found a shimmering blue altar of Sif Muna.
  6787 | D:8      | Reached skill level 10 in Maces & Flails
  6793 | D:8      | Found a staircase to the Lair.
  6808 | Lair:1   | Entered Level 1 of the Lair of Beasts
  6809 | Lair:1   | Noticed a komodo dragon
  6813 | Lair:1   | Noticed a cane toad
  7135 | D:8      | Found a blossoming altar of Fedhas.
  7136 | D:8      | Found a bloodstained altar of Trog.
  7346 | D:8      | Found a runed translucent door.
  7347 | D:8      | Noticed a centaur warrior
  7348 | D:8      | Noticed a cyan ugly thing
  7605 | D:8      | Found a basalt altar of Yredelemnul.
  7775 | D:8      | Reached XP level 10. HP: 84/88 MP: 7/9
  8120 | D:8      | Reached skill level 10 in Armour
  8131 | D:8      | Killed a cane toad
  8184 | D:8      | HP: 1/88 [komodo dragon (15)]
  8685 | Lair:1   | Reached skill level 5 in Dodging
  8876 | Lair:1   | Noticed a cane toad
  8885 | Lair:1   | Killed a cane toad
  8913 | Lair:1   | Reached XP level 11. HP: 95/97 MP: 8/10
  9085 | Lair:1   | Identified the ring of the Real Monster {Fly rElec Dex+6}
  9164 | Lair:1   | Identified the +7 whip of Yesterday {freeze, Will+ rCorr}
  9616 | Lair:2   | Noticed Harold
  9628 | Lair:2   | Found a staircase to the Snake Pit.
  9635 | Lair:2   | Noticed Amaemon
  9644 | Snake:1  | Entered Level 1 of the Snake Pit
  9644 | Snake:1  | Noticed a naga warrior
  9667 | Snake:1  | Killed a naga warrior
  9695 | Snake:1  | Reached skill level 10 in Fighting
  9761 | Snake:2  | Noticed a naga warrior
  9764 | Snake:2  | Noticed a mana viper
 10155 | Snake:1  | Noticed a naga warrior
 10156 | Snake:1  | Noticed a naga warrior
 10158 | Snake:1  | Noticed a salamander mystic
 10190 | Snake:1  | Noticed an anaconda
 10255 | Snake:2  | Killed a naga warrior
 10396 | Snake:2  | Reached XP level 12. HP: 97/107 MP: 9/11
 10833 | Snake:3  | Noticed a salamander tyrant
 10851 | Snake:3  | Noticed an anaconda
 10851 | Snake:3  | Noticed an anaconda
 10853 | Snake:3  | Noticed an anaconda
 10856 | Snake:3  | HP: 3/110 [naga ritualist/Olgreb's Toxic Radiance (3)]
 10857 | Snake:3  | Mangled by a black mamba

Illustrated notes

Levels and vault maps discovered:
D:1:      lightli_arrival_lavapool, layout_basic,
          dreamdust_ecumenical_altar_statues
D:2:      layout_loops_corners, basic_altar, nrook_uturn,
          amcnicky_mini_pool_small
D:3:      layout_rooms, uniq_grinder, uniq_robin, uniq_natasha
D:4:      layout_loops_ring, minmay_shop_damaged
D:5:      layout_rooms, uniq_edmund
D:6:      layout_gridville, minmay_temple_entry_nine_rooms,
          gup_sewer_entry_bubbles, uniq_blork_the_orc, uniq_duvessa
D:7:      layout_loops_cross, mainiacjoe_overflow_big_doors
D:8:      layout_layer_cave, mainiacjoe_overflow_catwalk_spiral,
          mainiacjoe_overflow_tiny_flanked, grunt_lair_entry_orc_guard_hut,
          hangedman_abyss_or_decor_passed, amcnicky_mini_rare_corridor_liquid,
          wad_hexagon
Lair:1:   layout_roguey, serial_bayou_shore_a, grunt_megastairs_4
Lair:2:   gammafunk_worm_tunnel, layout_gridlike,
          minmay_snake_entry_guardpost_small, evilmike_ambush
          [evilmike_ambush_outer_corners, evilmike_ambush_inner_basic],
          uniq_amaemon, uniq_harold
Snake:1:  layout_misc_corridors, ebering_ghost_reflecting_pool
Snake:2:  layout_chambers, special_room, nicolae_snake_linked_coils
Snake:3:  layout_layer_cave

Skill      XL: |  1  2  3  4  5  6  7  8  9 10 11 12 |
---------------+-------------------------------------+-----
Armour         | 4 5 6 7 9 11 13 | 13.9
Fighting       | 4 5 6 7 9 10 11 | 11.0
Maces & Flails | 3 4 5 6 7 8 10 11 13 | 13.4
Shields        | 4 5 6 7 8 9 |  9.2
Dodging        | 1 2 3 4 5 |  5.3
Stealth        | 1 2 3 |  3.9

Action                     |  1- 3 |  4- 6 |  7- 9 | 10-12 || total
---------------------------+-------+-------+-------+-------++-------
  Melee: Flail             |   104 |    53 |       |       ||   157
         Headbutt          |    18 |    20 |    42 |   137 ||   217
         Whip              |       |    55 |   272 |   436 ||   763
    Use: Scroll            |     5 |     4 |     5 |     5 ||    19
         Potion            |     2 |     2 |     2 |     3 ||     9
   Stab: Distracted        |       |       |     2 |     7 ||     9
         Fleeing           |       |       |       |     1 ||     1
 Armour: Scale mail        |    46 |    43 |    61 |       ||   150
         Plate armour      |       |       |    18 |   100 ||   118
         Chain mail        |       |       |     7 |       ||     7
  Dodge: Dodged            |    43 |    40 |    80 |    98 ||   261
  Block: Buckler           |    16 |    15 |    45 |    69 ||   145

Table legend: (Time is in decaauts)
 A = Elapsed time spent in this place.
 B = Non-inter-level travel time spent in this place.
 C = Inter-level travel time spent in this place.
 D = Time resting spent in this place.
 E = Time spent auto-exploring this place.
 F = Levels seen in this place.
 G = Mean time per level.
                   A        B        C        D        E       F      G
               +--------+--------+--------+--------+--------+-----+--------+
         Total |  10795 |  10795 |      0 |   1557 |   5921 |  14 |  771.1 |
       Dungeon |   8088 |   8088 |      0 |   1066 |   4914 |   8 | 1011.0 |
          Lair |   1104 |   1104 |      0 |    156 |    523 |   2 |  552.0 |
     Snake Pit |   1167 |   1167 |      0 |    334 |    484 |   3 |  389.0 |
         Sewer |    435 |    435 |      0 |      0 |      0 |   1 |  435.0 |
               +--------+--------+--------+--------+--------+-----+--------+

Top non-repeatable levels by time:
     D:8: 1666 daAuts
     D:6: 1661 daAuts
     D:2: 1178 daAuts
  Lair:1: 1080 daAuts
     D:4: 838 daAuts
     D:1: 796 daAuts
     D:3: 671 daAuts
     D:5: 661 daAuts
 Snake:2: 618 daAuts
     D:7: 615 daAuts
 Snake:1: 515 daAuts
   Sewer: 435 daAuts
 Snake:3: 32 daAuts
  Lair:2: 23 daAuts
